 Dungeon Crawl Stone Soup version 0.16.2-2-g470672f (webtiles) character file.

26 FruitAndGarbage the Magician (level 2, -4/15 HPs)
             Began as a Deep Elf Wizard on Aug 17, 2015.
             Slain by an orc wizard
             ... wielding a +0 dagger
              (5 damage)
             ... on level 2 of the Dungeon.
             The game lasted 00:02:56 (843 turns).

FruitAndGarbage the Magician (Deep Elf Wizard)       Turns: 843, Time: 00:02:56

Health: -4/15      AC:  2    Str:  4    XL:     2   Next: 89%
Magic:  0/11       EV: 13    Int: 22    God:
Gold:   6          SH:  0    Dex: 13    Spells: 5 memorised, 2 levels left

rFire  . . .     SeeInvis .     f - +0 dagger
rCold  . . .     Clarity  .     a - +0 robe
rNeg   . . .     SustAb   .     (no shield)
rPois  .         Gourm    .     b - +0 hat
rElec  .         Spirit   .     (no cloak)
rCorr  .         Warding  .     (no gloves)
rMut   .         Stasis   .     (no boots)
MR     .....                    (no amulet)
Stlth  ++........               (no ring)
                                (no ring)

@: very slightly contaminated, repel missiles, not resistant to hostile
enchantments, unstealthy
A: no striking features
a: no special abilities


You were on level 2 of the Dungeon.
You were not hungry.

You visited 1 branch of the dungeon, and saw 2 of its levels.

You collected 6 gold pieces.

Inventory:

Hand weapons
 f - a +0 dagger (weapon)
Armour
 a - a +0 robe (worn)
 b - a +0 hat (worn)
Scrolls
 e - a scroll of magic mapping {unknown}
Potions
 g - a potion of curing {unknown}
Books
 c - a book of Minor Magic

   Spells                             Type                      Level
   a - Magic Dart                     Conjuration                  1
   b - Blink                          Translocation                2
   c - Call Imp                       Summoning                    2
   d - Repel Missiles                 Charms/Air                   2
   e - Slow                           Hexes                        2
   f - Conjure Flame                  Conjuration/Fire             3
   g - Mephitic Cloud                 Conjuration/Poison/Air       3
Comestibles
 d - a bread ration


   Skills:
 * Level 0.1 Fighting
 + Level 2.7 Dodging
 + Level 2.6 Stealth
 + Level 5.2 Spellcasting
 + Level 1.1 Conjurations
 * Level 0.3 Hexes
 * Level 0.4 Charms
 * Level 1.3 Summonings
 * Level 1.1 Translocations
 * Level 0.2 Air Magic


You had 2 spell levels left.
You knew the following spells:

 Your Spells              Type           Power        Failure   Level  Hunger
a - Magic Dart            Conj           ##..         10%         1    None
b - Blink                 Tloc           N/A          12%         2    None
c - Call Imp              Summ           ##......     10%         2    None
d - Repel Missiles        Chrm/Air       #.....       14%         2    None
e - Slow                  Hex            #.......     14%         2    None


Dungeon Overview and Level Annotations

Branches:
Dungeon (2/15)

Altars:
Ru


Message History

Aim: an orc wizard, wielding a dagger and wearing a robe (almost dead, mute)
You miscast Magic Dart.
You are very lightly contaminated with residual magic.
Nothing appears to happen.
The orc wizard barely misses you.
Casting: Magic Dart
Confirm with . or Enter, or press ? or * to list all spells.
Aiming: Magic Dart
Press: ? - help, Shift-Dir - straight line, f/p - orc wizard
Aim: an orc wizard, wielding a dagger and wearing a robe (almost dead, mute)
The magic dart hits the orc wizard.
The orc wizard is almost dead.
The orc wizard misses you.
You hit the orc wizard but do no damage.
The orc wizard is almost dead.
The orc wizard hits you with a dagger.
* * * LOW HITPOINT WARNING * * *
You closely miss the orc wizard.
The orc wizard is almost dead.
The orc wizard hits you with a dagger.
You die...

.#........###.##.).....#..
..........# #.##.......#..
.#........# #.##.......#..
#.#####'## #........###..
#..###........# ###
##.#.............
.####.###....#.........##
...............#.......#
#####.###.@#######+.##.
#.#o..# .. #.#...# .#
###..... ##._.# .... #.


You could see an orc wizard (mute).

Vanquished Creatures
  An adder (D:2)
  A bat (D:1)
  2 goblins
  2 hobgoblins (D:1)
  3 jackals (D:1)
  2 giant newts (D:1)
  5 kobolds
  A rat (D:1)
17 creatures vanquished.

Notes
Turn   | Place    | Note
--------------------------------------------------------------
     0 | D:1      | FruitAndGarbage, the Deep Elf Wizard, began the quest for the Orb.
     0 | D:1      | Reached XP level 1. HP: 10/10 MP: 6/6
   496 | D:1      | Reached XP level 2. HP: 15/15 MP: 5/10
   511 | D:1      | Learned a level 2 spell: Blink
   514 | D:1      | Learned a level 2 spell: Call Imp
   517 | D:1      | Learned a level 2 spell: Repel Missiles
   520 | D:1      | Learned a level 2 spell: Slow
   674 | D:1      | You fall through a shaft!
   680 | D:2      | Reached skill level 5 in Spellcasting
   828 | D:2      | Found a sacrificial altar of Ru.
   843 | D:2      | Slain by an orc wizard

Action                   || total
-------------------------++-------
Melee: Dagger            ||    22
 Cast: Magic Dart        ||    56
       Repel Missiles    ||     1
 Stab: Sleeping          ||     1
